cohdb
Replays
Latest Replays
All Replays
Popular Replays
Top Player Replays
Match Explorer
How It Works
Community
CoH3 Stats
Reddit
Sign in to upload your games and track your stats! →
Sign in with Steam
Match 44860751
Unlisted
Match 44860751
Overview
Messages
Build Orders
End
Kettenkrad Recon Vehicle
Construct Infanterie Kompanie
MG 42 Machine Gun Team
MG 42 Machine Gun Team
Selects Terror Battlegroup
Selects Machine Gun Camouflage
Grenadier Squad
Construct Panzergrenadier Kompanie
MG 42 Bunker
GrW 34 Mortar Team
Support Elements
Selects Contempt for the Weak
Nebelwerfer 42 Rocket Launcher Team
StuG III G Assault Gun
Nebelwerfer 42 Rocket Launcher Team
Grenadier Squad
Construct Luftwaffe Kompanie
Selects Jericho Trumpet
Flak 30 Anti-aircraft Gun Team
Marder III M Tank Destroyer
StuG III G Assault Gun
Marder III M Tank Destroyer
Flak 30 Anti-aircraft Gun Team
FateFaye
Agent Smith
Robin Da Hood
Gamer.MD
NATO
Manstory007
meanneam
Yomeo
0
0
Comments
sign in to comment!
No comments posted yet!